 Dungeon Crawl Stone Soup version 0.25-a0-435-g4b9beb1024 (webtiles) character file.

Game seed: 15475042605883942149, levelgen mode: deterministic

1559 Elellon the Thaumaturge (level 8, -1/41 HPs)
             Began as a Deep Elf Conjurer on Jan 27, 2020.
             Shot with an arrow by a centaur (14 damage)
             ... on level 6 of the Dungeon.
             The game lasted 00:11:10 (8639 turns).

Elellon the Thaumaturge (Deep Elf Conjurer)         Turns: 8639, Time: 00:11:10

Health: -1/41      AC:  7    Str:  7    XL:     8   Next: 58%
Magic:  19/24      EV: 13    Int: 21    God:
Gold:   302        SH:  0    Dex: 15    Spells: 20/27 levels left

rFire    + . .     SeeInvis .   w - staff of conjuration (curse)
rCold    + . .     Gourm    .   (no shield)
rNeg     . . .     Faith    .   a - +0 robe
rPois    .         Spirit   .   (no helmet)
rElec    .         Reflect  .   x - scarf {rC+ rF+}
rCorr    .         Harm     .   b - +2 pair of gloves
MR       .....                  e - +1 pair of boots
Stlth    ++........             (no amulet)
HPRegen  0.13/turn              (no ring)
MPRegen  0.19/turn              (no ring)

@: no status effects
A: no striking features
a: no special abilities


You were on level 6 of the Dungeon.
You were not hungry.

You visited 1 branch of the dungeon, and saw 6 of its levels.
You also visited: Ossuary.

You collected 302 gold pieces.

Inventory:

Hand Weapons
 m - a +1 vampiric dagger
Armour
 a - a +0 robe (worn)
 b - a +2 pair of gloves (worn)
 e - a +1 pair of boots (worn)
 n - a +0 cloak
 x - a scarf of resistance (worn)
Magical Staves
 w - a cursed staff of conjuration (weapon)
Jewellery
 d - a +4 ring of intelligence
Wands
 j - a wand of paralysis (1)
Scrolls
 f - 4 scrolls of remove curse
 g - 10 scrolls of identify
 i - 4 scrolls of amnesia
 r - a scroll of blinking {unknown}
 s - 2 scrolls of enchant weapon
 t - a scroll of immolation {unknown}
 u - 5 scrolls of teleportation {unknown}
Potions
 h - a potion of cancellation {unknown}
 k - a potion of degeneration {unknown}
 l - a potion of haste {unknown}
 o - 3 potions of lignification {unknown}
 p - a potion of flight {unknown}
 q - a potion of might {unknown}
 v - a potion of invisibility {unknown}
 z - 8 potions of curing {unknown}
 A - a potion of ambrosia {unknown}
 B - 2 potions of brilliance {unknown}
 C - a potion of mutation {unknown}
 D - a potion of heal wounds {unknown}
Comestibles
 c - 8 rations


   Skills:
 - Level 2.4 Dodging
 - Level 2.4 Stealth
 + Level 10.3 Spellcasting
 + Level 9.5 Conjurations


You had 20 spell levels left.
You knew the following spells:

 Your Spells              Type           Power        Failure   Level  Hunger
a - Magic Dart            Conj           ####         1%          1    None
b - Searing Ray           Conj           ######       1%          2    None
c - Iskenderun's Mystic   Conj/Tloc      #####...     9%          4    ##.....

Your spell library contained the following spells:

 Spells                   Type           Power        Failure   Level  Hunger
 Dazzling Flash           Conj/Hex       #####.       2%          3    None
 Fulminant Prism          Conj/Hex       #####.....   9%          4    ##.....


Dungeon Overview and Level Annotations

Branches:
Dungeon (6/15)            Ossuary (visited)
 Temple: D:4-7

Altars:
Kikubaaqudgha
Makhleb
Nemelex Xobeh


Message History

The centaur shoots an arrow.
The arrow hits you.
Casting: Magic Dart (safe; 1% risk of failure)
Confirm with . or Enter, or press ? or * to list all spells.
Aiming: Magic Dart (safe; 1% risk of failure)
Press: ? - help, Shift-Dir - straight line, f/p - centaur
Aim: a centaur, wielding a +0 shortbow and quivering 17 arrows (severely wounded)
You feel a surge of power!
The magic dart hits the centaur but does no damage.
The centaur is severely wounded.
The centaur shoots an arrow.
The arrow hits you!
* * * LOW HITPOINT WARNING * * *
Casting: Magic Dart (safe; 1% risk of failure)
Confirm with . or Enter, or press ? or * to list all spells.
Aiming: Magic Dart (safe; 1% risk of failure)
Press: ? - help, Shift-Dir - straight line, f/p - centaur
Aim: a centaur, wielding a +0 shortbow and quivering 16 arrows (severely wounded)
You feel a surge of power!
The magic dart hits the centaur.
The centaur is severely wounded.
The centaur shoots an arrow.
The arrow hits you!
You die...

...........<.....#
........##..##.#.# ...
........##..##.#.# ..c.
..##....##.....#.###....
..##....+...............
.###....##..............
........................
........................
..###########..#@######
#†#..# ##.#........
#....# #>#########
###.## ### <.#.# #(#.#
..#.# ###.# #.#


You could see a centaur.

Vanquished Creatures
  Menkaure (D:5)
  Edmund (D:5)
  An ogre (D:4)
  A centaur (D:5)
  A wyvern zombie (Ossuary)
  2 scorpions
  A crimson imp (D:5)
  3 bullfrog zombies (Ossuary)
  A hound (D:5)
  A centaur skeleton (D:4)
  Crazy Yiuf (D:4)
  13 mummies (Ossuary)
  A gnoll shaman (D:5)
  Ijyb (D:2)
  2 iguanas
  5 worker ants
  A howler monkey zombie (Ossuary)
  A worker ant zombie (D:5)
  A howler monkey skeleton (D:5)
  7 gnolls
  7 adders
  A shadow imp (D:5)
  2 oozes
  2 adder zombies (Ossuary)
  2 worms
  2 dart slugs
  5 leopard geckos
  9 orcs
  2 ball pythons (D:2)
  6 giant cockroaches
  2 hobgoblins
  3 jackals (D:4)
  2 quokkas
  5 bats
  9 frilled lizards
  7 goblins
  8 kobolds
  2 quokka zombies (Ossuary)
  9 rats
131 creatures vanquished.

Vanquished Creatures (others)
  A withered plant (Ossuary)
1 creature vanquished.

Grand Total: 132 creatures vanquished

Notes
Turn   | Place    | Note
-------+----------+-------------------------------------------
     0 | D:1      | Elellon the Deep Elf Conjurer began the quest for the Orb.
     0 | D:1      | Reached XP level 1. HP: 10/10 MP: 6/6
   241 | D:1      | Reached XP level 2. HP: 15/15 MP: 5/8
   932 | D:1      | Reached skill level 4 in Spellcasting
  1132 | D:2      | Reached XP level 3. HP: 19/19 MP: 7/10
  1209 | D:2      | Reached skill level 5 in Conjurations
  1414 | D:2      | Learned a level 2 spell: Searing Ray
  2205 | D:3      | Reached XP level 4. HP: 20/24 MP: 8/12
  2239 | D:3      | Learned a level 4 spell: Iskenderun's Mystic Blast
  2242 | D:3      | Noticed Ijyb
  2249 | D:3      | Paralysed by Ijyb for 5 turns
  2255 | D:3      | Paralysed by Ijyb for 7 turns
  2267 | D:3      | Paralysed by Ijyb for 5 turns
  2274 | D:2      | Killed Ijyb
  2274 | D:2      | Reached skill level 5 in Spellcasting
  2499 | D:3      | Found a sparkling altar of Nemelex Xobeh.
  3170 | D:3      | Found a burning altar of Makhleb.
  3338 | D:4      | Reached XP level 5. HP: 28/28 MP: 5/15
  3639 | D:3      | Reached skill level 6 in Spellcasting
  4240 | D:4      | Noticed an ogre
  4246 | D:4      | Killed an ogre
  4246 | D:4      | Reached XP level 6. HP: 32/32 MP: 9/17
  4351 | D:4      | Found a runed translucent door.
  4352 | D:4      | Noticed Crazy Yiuf
  4887 | D:4      | Killed Crazy Yiuf
  5103 | D:5      | Entered Level 5 of the Dungeon
  5110 | D:5      | Reached skill level 7 in Spellcasting
  5392 | D:5      | Noticed Edmund
  5696 | D:5      | Found an ancient bone altar of Kikubaaqudgha.
  5697 | D:5      | Noticed Menkaure
  5706 | D:5      | Killed Menkaure
  5706 | D:5      | Reached XP level 7. HP: 13/36 MP: 10/20
  6125 | D:5      | Reached skill level 8 in Spellcasting
  6750 | D:5      | Killed Edmund
  7127 | D:5      | Reached skill level 9 in Spellcasting
  7264 | D:5      | Reached XP level 8. HP: 41/41 MP: 18/23
  7529 | D:6      | Found a sand-covered staircase.
  7534 | Ossuary  | Entered an ossuary
  8005 | Ossuary  | Reached skill level 10 in Spellcasting
  8639 | D:6      | Shot with an arrow by a centaur

Levels and vault maps discovered:
D:1:      lightli_arrival_chessboard, layout_basic
D:2:      layout_basic, first_ration, minmay_misc_feat_hallway
D:3:      layout_rooms, nicolae_overflow_crystal_walls, lightli_temple_of_fire,
          minmay_cupped, uniq_ijyb
D:4:      layout_basic, uniq_crazy_yiuf_cottage
D:5:      layout_basic, old_standard_altar, uniq_edmund, uniq_menkaure
D:6:      layout_basic, zin_purify, kennysheep_mini,
          lightli_ossuary_entry_decrepit_ruins, kennysheep_small_square

Skill      XL: |  1  2  3  4  5  6  7  8 |
---------------+-------------------------+-----
Spellcasting   | 4 5 6 7 9 10 | 10.3
Conjurations   | 5 6 7 8 9 |  9.5
Dodging        | |  2.4
Stealth        | |  2.4

Action                   |  1- 3 |  4- 6 |  7- 9 || total
-------------------------+-------+-------+-------++-------
Melee: Dagger            |       |     5 |       ||     5
       Staff             |       |       |     1 ||     1
 Cast: Magic Dart        |    79 |    77 |    97 ||   253
       Searing Ray       |       |    28 |    36 ||    64
  Use: Scroll            |       |     8 |       ||     8
  Eat: Chunk             |     4 |     9 |     3 ||    16
       Ration            |       |       |     2 ||     2
Armor: Robe              |     6 |    13 |     5 ||    24
Dodge: Dodged            |    11 |    28 |    19 ||    58

Table legend:
 A = Non-vault XP
 B = Vault XP
 C = Vault XP percentage of total XP
 D = Non-vault monster count
 E = Vault monster count
 F = Vault count percentage of total count
                 A         B        C        D         E       F
            +---------+---------+-------+---------+---------+-------
      Total |    1143 |    1085 |  48.7 |     102 |      29 |  22.1
            +---------+---------+-------+---------+---------+-------
        D:1 |      37 |       0 |   0.0 |      24 |       0 |   0.0
        D:2 |      54 |      36 |  40.0 |      18 |       1 |   5.3
        D:3 |      54 |      17 |  23.9 |      16 |       3 |  15.8
        D:4 |     321 |      39 |  10.8 |      17 |       1 |   5.6
        D:5 |     535 |     345 |  39.2 |      23 |       2 |   8.0
        D:6 |     142 |       0 |   0.0 |       4 |       0 |   0.0
    Ossuary |       0 |     648 | 100.0 |       0 |      22 | 100.0
            +---------+---------+-------+---------+---------+-------
